[Event "83rd ESP-ch Women-ch 2018"]
[Site "Linares"]
[Date "2018.08.20"]
[Round "1"]
[White "Sosa Suarez, Carla Cristina"]
[Black "Espinosa Aranda, Angel"]
[Result "0-1"]
[WhiteElo "2006"]
[BlackElo "2451"]
[ECO "C50"]
[Opening "Giuoco Piano"]
[TimeControl "40/5400+30:1800+30"]
[Annotator "ChessBase"]
[EventDate "2018.08.09"]
[PlyCount "86"]
[EventType "tourn"]
[EventCountry "ESP"]

1. e4 e5 2. Nf3 Nc6 3. Bc4 Bc5 4. O-O Nf6 5. d3 d6 6. c3 a6 7. Bb3 Ba7 8.
h3 h6 9. Be3 g5 10. Bxa7 Rxa7 11. Nh2 Qe7 12. d4 Rg8 13. g4 Nh7 14. Na3 Nf8
15. Nc4 Ng6 16. Ne3 Nf4 17. Qf3 exd4 18. Nd5 Ne5 19. Qxf4 gxf4 20. Nxe7
Kxe7 21. cxd4 Nd7 22. f3 c5 23. Rfd1 cxd4 24. Rxd4 Ne5 25. Rc1 b6 26. Kg2
Bd7 27. Rcd1 Rg6 28. Nf1 Rc7 29. Nd2 Bb5 30. a4 Bd3 31. Kf2 Rg8 32. Nb1
Bxb1 33. Rxb1 h5 34. Rbd1 hxg4 35. hxg4 Rh8 36. Kg2 Rh6 37. R4d2 Rc8 38.
Rh1 Rxh1 39. Kxh1 Nxf3 40. Rf2 Nd4 41. Bd5 f3 42. Rd2 Ne2 43. e5 Rh8# 0-1

[Event "83rd ESP-ch Women-ch 2018"]
[Site "Linares"]
[Date "2018.08.20"]
[Round "1"]
[White "Blazquez Gomez, Miguel"]
[Black "Moreno Ruiz, Javier"]
[Result "0-1"]
[WhiteElo "1998"]
[BlackElo "2450"]
[ECO "C00"]
[Opening "French"]
[Variation "King's Indian attack"]
[TimeControl "40/5400+30:1800+30"]
[Annotator "ChessBase"]
[EventDate "2018.08.09"]
[PlyCount "61"]
[EventType "tourn"]
[EventCountry "ESP"]

1. e4 e6 2. d3 d5 3. Nd2 c5 4. Ngf3 Nc6 5. g3 Bd6 6. Bg2 Nge7 7. O-O O-O 8.
b3 Bd7 9. Bb2 d4 10. Nc4 Bc7 11. a4 a6 12. c3 b5 13. axb5 axb5 14. Ncd2
dxc3 15. Bxc3 e5 16. Qc2 Rb8 17. Ne1 Be6 18. f4 exf4 19. gxf4 Nd4 20. Qd1
f5 21. Kh1 Ng6 22. Bxd4 Qxd4 23. Ndf3 Qd7 24. Ra7 Nxf4 25. Ng5 h6 26. Nxe6
Nxe6 27. exf5 Qd6 28. Qh5 Nf4 29. Qh4 Rxf5 30. Be4 Ng6 31. Qg4 0-1

[Event "83rd ESP-ch Women-ch 2018"]
[Site "Linares"]
[Date "2018.08.20"]
[Round "1"]
[White "Diaz Rodriguez, Jose Antonio"]
[Black "Cruz Lledo, Pablo"]
[Result "0-1"]
[WhiteElo "1991"]
[BlackElo "2432"]
[ECO "B13"]
[Opening "Caro-Kann"]
[Variation "exchange variation"]
[TimeControl "40/5400+30:1800+30"]
[Annotator "NA"]
[EventDate "2018.08.09"]
[PlyCount "76"]
[EventType "tourn"]
[EventCountry "ESP"]

1. e4 c6 2. d4 d5 3. exd5 cxd5 4. Bd3 Nc6 5. c3 Nf6 6. h3 g6 7. Nf3 Bf5 8.
Na3 Bxd3 9. Qxd3 Bg7 10. Bf4 O-O 11. O-O Ne4 12. Qe3 Re8 13. Ne5 Nxe5 14.
dxe5 Qa5 15. Nc2 f6 16. f3 fxe5 17. Bxe5 Bxe5 18. fxe4 Rad8 19. exd5 Qxd5
20. Nb4 Qa5 21. Rae1 Bf6 22. Rd1 Kg7 23. Qe6 Rf8 24. Rd7 Rxd7 25. Qxd7 Qb6+
26. Kh1 Rd8 27. Qg4 Rd2 28. Qf3 Rxb2 29. Nd5 Qc6 30. c4 Rxa2 31. Qe4 Rb2
32. h4 Qd6 33. h5 Qe5 34. Qxe5 Bxe5 35. Nxe7 a5 36. hxg6 hxg6 37. Nd5 a4
38. Re1 a3 0-1

[Event "83rd ESP-ch Women-ch 2018"]
[Site "Linares"]
[Date "2018.08.20"]
[Round "1"]
[White "Alvarez Morales, Miguel"]
[Black "Vega Gutierrez, Sabrina Neide"]
[Result "0-1"]
[WhiteElo "1955"]
[BlackElo "2390"]
[ECO "A21"]
[Opening "English opening"]
[TimeControl "40/5400+30:1800+30"]
[Annotator "NA"]
[EventDate "2018.08.09"]
[PlyCount "98"]
[EventType "tourn"]
[EventCountry "ESP"]

1. c4 e5 2. Nc3 d6 3. d4 exd4 4. Qxd4 Nc6 5. Qd2 Nf6 6. g3 Be6 7. e4 Be7 8.
b3 a5 9. Bb2 a4 10. Bg2 O-O 11. Nge2 Nd7 12. O-O Bf6 13. Nd5 Bxb2 14. Qxb2
Re8 15. Nef4 Nde5 16. Qc3 Na5 17. Nd3 c6 18. N5f4 Qf6 19. Rac1 Nxd3 20.
Qxd3 Qb2 21. Qb1 Qxb1 22. Rxb1 Ra6 23. Rfc1 axb3 24. axb3 c5 25. b4 cxb4
26. Nxe6 fxe6 27. Rxb4 Rc8 28. Rcb1 Rxc4 29. Rxc4 Nxc4 30. Bf1 Rc6 31. Rxb7
Nd2 32. Bh3 Nf3+ 33. Kg2 Nd4 34. Bg4 g6 35. Re7 h5 36. Bd1 Rc1 37. Ba4 Ra1
38. Ra7 g5 39. Ra8+ Kg7 40. Bc6 Re1 41. Ra7+ Kh6 42. Ba8 g4 43. e5 d5 44.
f4 gxf3+ 45. Kf2 Re2+ 46. Kf1 Nf5 47. Rf7 Ne3+ 48. Kg1 Rg2+ 49. Kh1 f2 0-1

[Event "83rd ESP-ch Women-ch 2018"]
[Site "Linares"]
[Date "2018.08.20"]
[Round "1"]
[White "Ortin Blanco, Ainhoa"]
[Black "Teran Alvarez, Ismael"]
[Result "0-1"]
[WhiteElo "1951"]
[BlackElo "2377"]
[ECO "A40"]
[Opening "Queen's pawn"]
[Variation "Keres defence"]
[TimeControl "40/5400+30:1800+30"]
[Annotator "NA"]
[EventDate "2018.08.09"]
[PlyCount "96"]
[EventType "tourn"]
[EventCountry "ESP"]

1. d4 e6 2. c4 b6 3. Nc3 Bb4 4. Qc2 Bb7 5. e3 Nf6 6. Bd2 O-O 7. Nf3 c5 8.
Be2 Nc6 9. O-O cxd4 10. exd4 d5 $146 11. a3 Bxc3 12. bxc3 dxc4 13. Bxc4 Na5
14. Be2 Rc8 15. Ne5 Qxd4 16. Qxh7+ Nxh7 17. cxd4 Nb3 18. Bb4 Rfd8 19. Rad1
Nxd4 20. Bd3 Nf6 21. h3 Nd5 22. Be4 Ne2+ 23. Kh2 Nec3 24. Bxc3 Rxc3 25. a4
f6 26. Nf3 Rc4 27. Rd4 Rdc8 28. Rfd1 Kf7 29. Kg3 Rxd4 30. Rxd4 Rc3 31. Kh2
Ke7 32. Nd2 Ra3 33. Bf3 Bc6 34. Bd1 e5 35. Rc4 Rc3 36. Bb3 Rxc4 37. Nxc4
Nf4 38. Ne3 Nd3 39. Nf5+ Kf8 40. Nd6 Nc5 41. Bc4 Nxa4 42. Nc8 a5 43. Bf1
Bd7 44. Nd6 Nc3 45. Kg3 Ke7 46. Nc4 Bb5 47. Kf3 Bxc4 48. Bxc4 a4 $19 0-1

[Event "83rd ESP-ch Women-ch 2018"]
[Site "Linares"]
[Date "2018.08.20"]
[Round "1"]
[White "Anillo Fernandez, Isabel Maria"]
[Black "Montero Melendez, Rafael"]
[Result "0-1"]
[WhiteElo "1924"]
[BlackElo "2367"]
[ECO "B28"]
[Opening "Sicilian"]
[Variation "O'Kelly variation"]
[TimeControl "40/5400+30:1800+30"]
[Annotator "NA"]
[EventDate "2018.08.09"]
[PlyCount "67"]
[EventType "tourn"]
[EventCountry "ESP"]

1. e4 c5 2. Nf3 a6 3. c3 e6 4. d4 d5 5. e5 Bd7 6. Bd3 cxd4 7. cxd4 Bb5 8.
Nc3 Bxd3 9. Qxd3 Nc6 10. O-O Rc8 11. a3 b5 12. Bg5 Qb6 13. Rac1 h6 14. Be3
Nge7 15. Nd2 Na5 16. Rc2 Nc4 17. Rfc1 Nc6 18. Ne2 Be7 19. f4 O-O 20. Bf2 f5
21. a4 Nb4 22. Nxc4 bxc4 23. Qd2 Nxc2 24. Qxc2 Rb8 25. Be1 Qxb2 26. Qd1 Qb3
27. Nc3 Ba3 28. Rb1 Qxd1 29. Rxd1 Bb4 30. Kf2 Bxc3 31. Bxc3 Rb3 32. Ba5
Rfb8 33. Re1 Ra3 34. Kg1 0-1

[Event "83rd ESP-ch Women-ch 2018"]
[Site "Linares"]
[Date "2018.08.20"]
[Round "1"]
[White "Serrano Garcia, Luis"]
[Black "Ayats Llobera, Gerard"]
[Result "1-0"]
[WhiteElo "1915"]
[BlackElo "2345"]
[ECO "B20"]
[Opening "Sicilian"]
[Variation "Steinitz variation"]
[TimeControl "40/5400+30:1800+30"]
[Annotator "NA"]
[EventDate "2018.08.09"]
[PlyCount "43"]
[EventType "tourn"]
[EventCountry "ESP"]

1. e4 c5 2. g3 b6 3. Bg2 Bb7 4. Nc3 e6 5. Nge2 a6 6. O-O h5 7. h3 Qc7 8. d4
cxd4 9. Nxd4 h4 10. g4 Nc6 11. Be3 Ne5 12. Qe2 Nc4 13. Bc1 Rc8 14. Nd1 b5
15. b3 Bc5 16. c3 Ne5 17. Bb2 Ng6 18. Bc1 b4 19. Qd3 bxc3 20. Nxc3 Bxd4 21.
Qxd4 Qxc3 22. Qd3 1-0

[Event "83rd ESP-ch Women-ch 2018"]
[Site "Linares"]
[Date "2018.08.20"]
[Round "1"]
[White "Vazquez Pino, Miguel Angel"]
[Black "Alshameary Puente, Ismael"]
[Result "0-1"]
[WhiteElo "1909"]
[BlackElo "2343"]
[ECO "B54"]
[Opening "Sicilian"]
[Variation "Prins (Moscow) variation"]
[TimeControl "40/5400+30:1800+30"]
[Annotator "NA"]
[EventDate "2018.08.09"]
[PlyCount "80"]
[EventType "tourn"]
[EventCountry "ESP"]

1. e4 c5 2. Nf3 d6 3. d4 cxd4 4. Nxd4 Nf6 5. f3 a6 6. c4 e6 7. Nc3 Nc6 8.
Be3 d5 9. Be2 Bd6 10. Rc1 Nxd4 11. Bxd4 Bf4 12. Rc2 dxe4 13. fxe4 Qc7 14.
g3 Be5 15. Rd2 Bd7 16. b4 h5 17. Bxe5 Qxe5 18. Qc2 h4 19. g4 h3 20. Bf3 Rc8
21. Qd3 O-O 22. Ne2 Bc6 23. Ng3 Qg5 24. Qe2 Rfd8 25. Rc2 Ba4 26. Rd2 Qf4
27. Rf1 Rxd2 28. Qxd2 Qxd2+ 29. Kxd2 Rxc4 30. g5 Rc2+ 31. Ke3 Nh7 32. g6
fxg6 33. Bg4 e5 34. Bxh3 Ng5 35. Bg4 Rxh2 36. Ne2 Rg2 37. Rg1 Rxg1 38. Nxg1
Bc2 39. Bf3 Kf7 40. Ne2 Nxf3 0-1

[Event "83rd ESP-ch Women-ch 2018"]
[Site "Linares"]
[Date "2018.08.20"]
[Round "1"]
[White "Vicens Company, Maria Antonia"]
[Black "Alvarez Fernandez, Enrique"]
[Result "0-1"]
[WhiteElo "1904"]
[BlackElo "2324"]
[ECO "D00"]
[Opening "Queen's pawn game"]
[TimeControl "40/5400+30:1800+30"]
[Annotator "NA"]
[EventDate "2018.08.09"]
[PlyCount "62"]
[EventType "tourn"]
[EventCountry "ESP"]

1. d4 d5 2. g3 Bf5 3. Bg2 e6 4. Nf3 Nf6 5. O-O Nbd7 6. c4 c6 7. cxd5 exd5
8. Nc3 Bd6 9. Nh4 Be6 10. f4 Nb6 11. f5 Bd7 12. e4 dxe4 13. Nxe4 Be7 14.
Bf4 O-O 15. Be5 Be8 16. Nxf6+ Bxf6 17. Qg4 Kh8 18. Nf3 Rg8 19. h4 Be7 20.
Qh3 f6 21. Bf4 Bd6 22. Bc1 Nd5 23. Nh2 Bf7 24. Bd2 Qb6 25. Nf3 Rae8 26. h5
Re2 27. Qg4 Qc7 28. Nh4 Rxd2 29. Bxd5 cxd5 30. Rac1 Rc2 31. Rce1 Bxg3 0-1

[Event "83rd ESP-ch Women-ch 2018"]
[Site "Linares"]
[Date "2018.08.20"]
[Round "1"]
[White "Gonzalez del Campo, Diego"]
[Black "Sole Pijuan, Ferran"]
[Result "0-1"]
[WhiteElo "1893"]
[BlackElo "2320"]
[ECO "D02"]
[Opening "Queen's bishop game"]
[TimeControl "40/5400+30:1800+30"]
[Annotator "NA"]
[EventDate "2018.08.09"]
[PlyCount "102"]
[EventType "tourn"]
[EventCountry "ESP"]

1. d4 d5 2. Nf3 Nf6 3. Bf4 c5 4. e3 Nc6 5. c3 Qb6 6. Qb3 c4 7. Qxb6 axb6 8.
Be2 b5 9. Na3 b4 10. Nb5 Ra5 11. Nc7+ Kd8 12. Ng5 e5 13. dxe5 Kxc7 14.
exf6+ Kb6 15. Nxf7 Rg8 16. Nd6 Bxd6 17. f7 Rf8 18. Bxd6 Rxf7 19. cxb4 Ra8
20. O-O Rf6 21. Bc5+ Kb5 22. Rfd1 Be6 23. Bf3 b6 24. Bd4 Nxd4 25. Rxd4 Kxb4
26. Bxd5 Bxd5 27. Rxd5 Ra7 28. Kf1 Rh6 29. h3 Rg6 30. g3 Rf6 31. Ke2 b5 32.
a3+ Ka4 33. Rad1 Rb7 34. f4 Kb3 35. R1d2 Ra6 36. e4 b4 37. axb4 Ra2 38. b5
Rxb2 39. Rc5 c3 40. Rxc3+ Kxc3 41. Rxb2 Kxb2 42. Kf3 Kc3 43. Kg4 Kd4 44. e5
Ke4 45. h4 Rxb5 46. Kg5 Rb6 47. Kh5 Kf5 48. e6 Rxe6 49. g4+ Kxf4 50. g5
Rh6+ 51. gxh6 g6# 0-1

[Event "83rd ESP-ch Women-ch 2018"]
[Site "Linares"]
[Date "2018.08.20"]
[Round "1"]
[White "Cesar Maestre, Bernardo"]
[Black "Serarols Mabras, Bernat"]
[Result "0-1"]
[WhiteElo "1861"]
[BlackElo "2313"]
[ECO "D02"]
[Opening "Queen's pawn game"]
[TimeControl "40/5400+30:1800+30"]
[Annotator "NA"]
[EventDate "2018.08.09"]
[PlyCount "74"]
[EventType "tourn"]
[EventCountry "ESP"]

1. d4 Nf6 2. Nf3 d5 3. c4 e6 4. g3 Bb4+ 5. Bd2 Bd6 6. Bg2 c6 7. Qc2 O-O 8.
O-O Nbd7 9. Bf4 Bxf4 10. gxf4 b6 11. Ne5 Nxe5 12. fxe5 Ng4 13. h3 Nh6 14.
Rd1 Nf5 15. e4 Nh4 16. f4 Nxg2 17. Kxg2 f6 18. cxd5 cxd5 19. exd5 fxe5 20.
fxe5 Qg5+ 21. Kh2 Qe3 22. Rd2 Rf1 23. Rg2 Qf4+ 24. Rg3 Rf2+ 25. Qxf2 Qxf2+
26. Rg2 Qf4+ 27. Kh1 Qc1+ 28. Kh2 Bb7 29. a4 Bxd5 30. Ra3 Bxg2 31. Kxg2
Qxb2+ 32. Kf3 Rf8+ 33. Ke4 Qxb1+ 34. Ke3 Qc1+ 35. Ke4 Rf4+ 36. Kd3 Qxa3+
37. Kc4 Qxa4+ 0-1

[Event "83rd ESP-ch Women-ch 2018"]
[Site "Linares"]
[Date "2018.08.20"]
[Round "1"]
[White "Arnaiz Yanes, Miguel Angel"]
[Black "Calzetta Ruiz, Monica"]
[Result "0-1"]
[WhiteElo "1850"]
[BlackElo "2302"]
[ECO "A48"]
[Opening "King's Indian"]
[Variation "Torre attack"]
[TimeControl "40/5400+30:1800+30"]
[Annotator "NA"]
[EventDate "2018.08.09"]
[PlyCount "86"]
[EventType "tourn"]
[EventCountry "ESP"]

1. d4 Nf6 2. Nf3 g6 3. Bg5 Bg7 4. e3 O-O 5. Bd3 d6 6. Nbd2 Nbd7 7. O-O h6
8. Bh4 e5 9. dxe5 dxe5 10. Ne4 Qe8 11. Bxf6 Nxf6 12. Nxf6+ Bxf6 13. Nd2 Bg7
14. Qe2 Qe7 15. c3 Be6 16. Bc4 Rad8 17. Bxe6 Qxe6 18. Nb3 b6 19. Rfd1 a5
20. Rxd8 Rxd8 21. Rd1 Rd5 22. Nc1 e4 23. Rxd5 Qxd5 24. a3 b5 25. g3 h5 26.
h4 c5 27. Qxb5 Qd1+ 28. Qf1 Qc2 29. b4 Qxc3 30. bxa5 Qxa5 31. Qc4 Qxa3 32.
Nb3 Qb4 33. Qc2 Bc3 34. Kf1 Qc4+ 35. Kg2 Qb4 36. Kf1 Qc4+ 37. Kg2 Qd3 38.
Qa2 Qd5 39. Qc2 c4 40. Nc5 Bg7 41. Na4 Qd3 42. Qc1 c3 43. Nc5 Qd5 0-1

[Event "83rd ESP-ch Women-ch 2018"]
[Site "Linares"]
[Date "2018.08.20"]
[Round "1"]
[White "Fernandez Garcia, Francisco Jose"]
[Black "Diaz Castro, Sergio"]
[Result "0-1"]
[WhiteElo "1835"]
[BlackElo "2289"]
[ECO "A01"]
[Opening "Nimzovich-Larsen attack"]
[Variation "modern variation"]
[TimeControl "40/5400+30:1800+30"]
[Annotator "NA"]
[EventDate "2018.08.09"]
[PlyCount "72"]
[EventType "tourn"]
[EventCountry "ESP"]

1. b3 e5 2. Bb2 Nc6 3. e3 Nf6 4. Bb5 Bd6 5. Nf3 Qe7 6. Nc3 a6 7. Bc4 e4 8.
Nd4 Nxd4 9. exd4 b5 10. Be2 Bb7 11. O-O O-O 12. Re1 b4 13. Na4 Nd5 14. c4
bxc3 15. Nxc3 Nf4 16. Bf1 Qh4 17. g3 Nh3+ 18. Bxh3 Qxh3 19. Re3 f5 20. Qe2
Rf6 21. Qf1 Qh6 22. Qc4+ Kh8 23. d5 f4 24. Rxe4 fxg3 25. hxg3 Raf8 26. Qd4
Rxf2 27. Qxf2 Rxf2 28. Kxf2 Qh2+ 29. Kf1 h6 30. Re2 Qh1+ 31. Kf2 Bc5+ 32.
Re3 Qh2+ 33. Kf3 Bxe3 34. Kxe3 Qxg3+ 35. Kd4 d6 36. Ne4 Qe5+ 0-1

[Event "83rd ESP-ch Women-ch 2018"]
[Site "Linares"]
[Date "2018.08.20"]
[Round "1"]
[White "Gomez Ligero, Sergio"]
[Black "Esquivias Quintero, Luis Manuel"]
[Result "0-1"]
[WhiteElo "1826"]
[BlackElo "2260"]
[ECO "B27"]
[Opening "Sicilian"]
[Variation "Hungarian variation"]
[TimeControl "40/5400+30:1800+30"]
[Annotator "NA"]
[EventDate "2018.08.09"]
[PlyCount "70"]
[EventType "tourn"]
[EventCountry "ESP"]

1. e4 c5 2. Nf3 g6 3. d4 cxd4 4. Qxd4 Nf6 5. c4 Nc6 6. Qe3 Bg7 7. Be2 O-O
8. Nc3 d6 9. h3 Be6 10. Rb1 Nd7 11. O-O Qa5 12. Bd2 Qc5 13. Ng5 Qxe3 14.
Bxe3 Bxc3 15. Nxe6 fxe6 16. bxc3 b6 17. Bg5 Kf7 18. Bh6 Rfd8 19. f4 Nf6 20.
Bf3 e5 21. fxe5 Nxe5 22. Be2 Rac8 23. Rb4 Ke6 24. Bf4 Rc5 25. Bxe5 Rxe5 26.
Ra4 Rd7 27. c5 Rxc5 28. Rf3 Rdc7 29. Bd1 a5 30. c4 Nxe4 31. Re3 Re5 32.
Bg4+ Kf6 33. c5 Nxc5 34. Rf4+ Kg7 35. Ref3 h5 0-1

[Event "83rd ESP-ch Women-ch 2018"]
[Site "Linares"]
[Date "2018.08.20"]
[Round "1"]
[White "De la Pena Garcia, Blanca"]
[Black "Sanchez Jerez, Emilio Miguel"]
[Result "0-1"]
[WhiteElo "1811"]
[BlackElo "2246"]
[ECO "B00"]
[Opening "KP"]
[Variation "Nimzovich defence"]
[TimeControl "40/5400+30:1800+30"]
[Annotator "NA"]
[EventDate "2018.08.09"]
[PlyCount "62"]
[EventType "tourn"]
[EventCountry "ESP"]

1. e4 Nc6 2. d4 d5 3. e5 f6 4. Bf4 Bf5 5. Bb5 e6 6. Nf3 Qd7 7. c3 Nge7 8.
Nbd2 a6 9. Ba4 h5 10. exf6 gxf6 11. Qe2 Ng6 12. Be3 Bd6 13. Nf1 h4 14. h3
O-O-O 15. b4 Kb8 16. Qd1 Nf4 17. Bxf4 Bxf4 18. b5 axb5 19. Bxb5 Qd6 20. a4
e5 21. Bxc6 Qxc6 22. Qb3 e4 23. Ng1 e3 24. fxe3 Rde8 25. Kf2 Bg3+ 26. Ke2
Qe6 27. Qb2 Qe4 28. Kd1 Qd3+ 29. Nd2 Rxe3 30. Nf3 Rhe8 31. Rg1 Be4 0-1

[Event "83rd ESP-ch Women-ch 2018"]
[Site "Linares"]
[Date "2018.08.21"]
[Round "2"]
[White "Del Rio de Angelis, Salvador Gabriel"]
[Black "Balbuena Fuentes, Mario"]
[Result "1-0"]
[WhiteElo "2525"]
[BlackElo "2306"]
[ECO "E21"]
[Opening "Nimzo-Indian"]
[Variation "three knights variation"]
[TimeControl "40/5400+30:1800+30"]
[Annotator "ChessBase"]
[EventDate "2018.08.09"]
[PlyCount "77"]
[EventType "tourn"]
[EventCountry "ESP"]

1. d4 e6 2. c4 Nf6 3. Nc3 Bb4 4. Nf3 c5 5. g3 Bxc3+ 6. bxc3 Qa5 7. Bd2 b6
8. Bg2 Bb7 9. O-O O-O 10. Re1 Be4 11. Bf1 h6 12. Nh4 d6 13. f3 Bh7 14. e4
e5 15. d5 Nbd7 16. Bd3 Rfe8 17. Kh1 Nf8 18. Rg1 Rad8 19. a4 Ng6 20. Nf5 Ne7
21. Ne3 Rf8 22. Qc2 Nh5 23. Raf1 Qa6 24. f4 Qc8 25. f5 Kh8 26. Ng2 Nf6 27.
Qd1 Ne8 28. g4 f6 29. h4 Ng8 30. g5 fxg5 31. hxg5 hxg5 32. Bxg5 Ngf6 33.
Nh4 Qd7 34. Rf2 Kg8 35. Rh2 Qf7 36. Nf3 Kh8 37. Bc1 Nc7 38. Ng5 Qe7 39.
Nxh7 1-0

[Event "83rd ESP-ch Women-ch 2018"]
[Site "Linares"]
[Date "2018.08.21"]
[Round "2"]
[White "Espinosa Aranda, Angel"]
[Black "Jimenez Bernal, Francisco"]
[Result "1-0"]
[WhiteElo "2451"]
[BlackElo "2250"]
[ECO "B50"]
[Opening "Sicilian"]
[TimeControl "40/5400+30:1800+30"]
[Annotator "RC"]
[EventDate "2018.08.09"]
[PlyCount "109"]
[EventType "tourn"]
[EventCountry "ESP"]

1. e4 c5 2. Nf3 d6 3. Nc3 Nf6 4. e5 dxe5 5. Nxe5 a6 6. g3 Nbd7 7. d4 cxd4
8. Qxd4 Nxe5 9. Qxe5 e6 10. Bg2 Bd6 11. Qd4 Qc7 12. Bg5 Be5 13. Qb4 Bd7 14.
O-O-O Rc8 15. Bxf6 Bxf6 16. Qxb7 Bxc3 17. bxc3 Bb5 18. Qxc7 Rxc7 19. Rd4
Ke7 20. a4 Bd7 21. Rhd1 Rhc8 22. R1d3 Be8 23. Kd2 a5 24. Re3 Rc4 25. f4 g6
26. Bf3 Rxd4+ 27. cxd4 Bxa4 28. Rc3 Rxc3 29. Kxc3 Kd6 30. Kd3 f6 31. c4 h6
32. h4 Bd7 33. Kc3 Be8 34. Kb3 g5 35. fxg5 fxg5 36. hxg5 hxg5 37. Be4 Kc7
38. Ka3 Bd7 39. Bc2 Bc6 40. Bd1 Kd6 41. Bb3 Ke7 42. Ba4 Bf3 43. Bb5 Bd1 44.
c5 Kd8 45. Bc4 Ke7 46. Bb3 Bf3 47. Ka4 Kf6 48. Kxa5 e5 49. d5 e4 50. d6 e3
51. Bc4 Bd5 52. Be2 Kf7 53. Kb6 Ke8 54. Kc7 Be6 55. c6 1-0

[Event "83rd ESP-ch Women-ch 2018"]
[Site "Linares"]
[Date "2018.08.21"]
[Round "2"]
[White "Vega Gutierrez, Sabrina Neide"]
[Black "Sanchez Vigon, David"]
[Result "1-0"]
[WhiteElo "2390"]
[BlackElo "2220"]
[ECO "B39"]
[Opening "Sicilian"]
[Variation "accelerated fianchetto, Breyer variation"]
[TimeControl "40/5400+30:1800+30"]
[Annotator "NA"]
[EventDate "2018.08.09"]
[PlyCount "63"]
[EventType "tourn"]
[EventCountry "ESP"]

1. e4 c5 2. Nf3 Nc6 3. d4 cxd4 4. Nxd4 g6 5. c4 Bg7 6. Be3 Nf6 7. Nc3 Ng4
8. Qxg4 Nxd4 9. Qd1 e5 10. Nb5 d6 11. Be2 Nxb5 12. cxb5 Be6 13. Qa4 O-O 14.
O-O f5 15. Bc4 Qe7 16. f3 Rfc8 17. Rac1 Bf6 18. Bxe6+ Qxe6 19. Rxc8+ Qxc8
20. Rc1 Qd7 21. Qc4+ Kh8 22. Qc7 Qxc7 23. Rxc7 Bd8 24. Rxb7 Bb6 25. Bxb6
axb6 26. a3 Rc8 27. Rxb6 Rc1+ 28. Kf2 Rc2+ 29. Kg3 f4+ 30. Kh3 Rxb2 31. a4
g5 32. a5 1-0

[Event "83rd ESP-ch Women-ch 2018"]
[Site "Linares"]
[Date "2018.08.21"]
[Round "2"]
[White "Montero Melendez, Rafael"]
[Black "Garcia Garcia, Adrian Antonio"]
[Result "0-1"]
[WhiteElo "2367"]
[BlackElo "2179"]
[ECO "A04"]
[Opening "Reti v Dutch"]
[TimeControl "40/5400+30:1800+30"]
[Annotator "NA"]
[EventDate "2018.08.09"]
[PlyCount "66"]
[EventType "tourn"]
[EventCountry "ESP"]

1. Nf3 f5 2. d4 Nf6 3. g3 g6 4. Bg2 Bg7 5. O-O O-O 6. Nbd2 d5 7. c4 e6 8.
b4 Ne4 9. Bb2 c6 10. Qb3 Nd7 11. Rac1 g5 12. Nxe4 fxe4 13. Nd2 g4 14. b5
Bh6 15. Rcd1 Rf7 16. Nb1 Nb6 17. Na3 Qf8 18. Bc1 Bxc1 19. Rxc1 Qh6 20. bxc6
bxc6 21. c5 Nd7 22. Qa4 e5 23. Nc2 exd4 24. Nxd4 Ne5 25. Rb1 Nc4 26. Nb3 a5
27. Rbc1 Ba6 28. Nd4 Rc8 29. Rxc4 Bxc4 30. Qxa5 Rcf8 31. Qa3 Qd2 32. Nxc6
Bxe2 33. Qc1 e3 0-1

[Event "83rd ESP-ch Women-ch 2018"]
[Site "Linares"]
[Date "2018.08.21"]
[Round "2"]
[White "Serarols Mabras, Bernat"]
[Black "Santos Latasa, Jaime"]
[Result "1/2-1/2"]
[WhiteElo "2313"]
[BlackElo "2582"]
[ECO "A80"]
[Opening "Dutch"]
[TimeControl "40/5400+30:1800+30"]
[Annotator "ChessBase"]
[EventDate "2018.08.09"]
[PlyCount "111"]
[EventType "tourn"]
[EventCountry "ESP"]

1. d4 f5 2. Nc3 Nf6 3. Bg5 d5 4. Bxf6 exf6 5. e3 Be6 6. Nge2 g6 7. Nf4 Bf7
8. Bb5+ c6 9. Bd3 Nd7 10. h4 h5 11. a3 Qb6 12. Rb1 Bd6 13. Nce2 Qc7 14. Kf1
b5 15. Qc1 Kf8 16. a4 a6 17. b3 bxa4 18. c4 axb3 19. c5 Be7 20. Rxb3 Kg7
21. g3 a5 22. Kg2 Rhb8 23. Ra3 Bd8 24. g4 Ne5 25. dxe5 fxe5 26. gxf5 exf4
27. fxg6 f3+ 28. Kxf3 Be6 29. Nf4 Bg4+ 30. Kg3 Bf6 31. Ra4 Rb3 32. Bc2 Rb4
33. Bd1 Rxa4 34. Bxa4 Be5 35. Bd1 Qd7 36. Kg2 Bxf4 37. exf4 Rf8 38. Re1
Kxg6 39. Re5 Bf5 40. Bc2 Kh6 41. Kh2 Qd8 42. Bxf5 Rxf5 43. Re6+ Kh7 44. Kh3
Qg8 45. Re7+ Kh6 46. Kh2 d4 47. Qe1 Qf8 48. Qe6+ Qf6 49. Qxf6+ Rxf6 50. Re4
Rf5 51. Rxd4 Rxc5 52. Kg3 Kg6 53. f3 Rd5 54. Rc4 c5 55. Ra4 Rf5 56. Rxa5
1/2-1/2

[Event "83rd ESP-ch Women-ch 2018"]
[Site "Linares"]
[Date "2018.08.21"]
[Round "2"]
[White "Sanchez Jerez, Emilio Miguel"]
[Black "Garriga Cazorla, Pere"]
[Result "1/2-1/2"]
[WhiteElo "2246"]
[BlackElo "2444"]
[ECO "A05"]
[Opening "Reti"]
[Variation "King's Indian attack"]
[TimeControl "40/5400+30:1800+30"]
[Annotator "NA"]
[EventDate "2018.08.09"]
[PlyCount "60"]
[EventType "tourn"]
[EventCountry "ESP"]

1. Nf3 Nf6 2. g3 g6 3. b3 Bg7 4. Bb2 c5 5. Bg2 d5 6. O-O O-O 7. e3 Nc6 8.
Ne5 Nxe5 9. Bxe5 Be6 10. d4 Rc8 11. c4 cxd4 12. Qxd4 dxc4 13. Bxb7 Qxd4 14.
exd4 Rcd8 15. Nc3 cxb3 16. axb3 Bxb3 17. Rxa7 Rd7 18. Rfa1 Ng4 19. Bxg7
Kxg7 20. R1a3 Bc4 21. R3a4 Rxd4 22. Ba6 Ne5 23. Bxc4 Rxc4 24. Rxc4 Nxc4 25.
Rxe7 Rd8 26. h4 h6 27. Kg2 Rd6 28. Re4 Nb6 29. Re7 Nd5 30. Nxd5 Rxd5
1/2-1/2

[Event "83rd ESP-ch Women-ch 2018"]
[Site "Linares"]
[Date "2018.08.21"]
[Round "2"]
[White "Orantes Taboada, Francisco"]
[Black "Ladron de Guevara Pinto, Paolo"]
[Result "1/2-1/2"]
[WhiteElo "2242"]
[BlackElo "2424"]
[ECO "D78"]
[Opening "Neo-Gruenfeld, 6.O-O c6"]
[TimeControl "40/5400+30:1800+30"]
[Annotator "NA"]
[EventDate "2018.08.09"]
[PlyCount "70"]
[EventType "tourn"]
[EventCountry "ESP"]

1. Nf3 d5 2. g3 g6 3. Bg2 Bg7 4. O-O Nf6 5. d4 O-O 6. c4 c6 7. Nc3 dxc4 8.
a4 Nd5 9. a5 Na6 10. e4 Ndb4 11. Be3 Bg4 12. h3 Bxf3 13. Bxf3 e5 14. d5
cxd5 15. Nxd5 Nxd5 16. exd5 f5 17. d6 Qd7 18. Qa4 Rad8 19. Bd5+ Kh8 20.
Qxd7 Rxd7 21. Bxa7 Rf6 22. Bxc4 Rfxd6 23. Bb5 Rd8 24. Bb6 Rc8 25. Rac1 Rxc1
26. Rxc1 Bf6 27. b4 f4 28. Bxa6 bxa6 29. b5 axb5 30. Ra1 Bd8 31. Bxd8 Rxd8
32. Rb1 fxg3 33. fxg3 b4 34. Rxb4 Rd1+ 35. Kf2 Ra1 1/2-1/2

[Event "83rd ESP-ch Women-ch 2018"]
[Site "Linares"]
[Date "2018.08.21"]
[Round "2"]
[White "Rodriguez Perez, Angel Mariano"]
[Black "Matnadze, Ana"]
[Result "1/2-1/2"]
[WhiteElo "2223"]
[BlackElo "2378"]
[ECO "B10"]
[Opening "Caro-Kann"]
[Variation "two knights variation"]
[TimeControl "40/5400+30:1800+30"]
[Annotator "NA"]
[EventDate "2018.08.09"]
[PlyCount "70"]
[EventType "tourn"]
[EventCountry "ESP"]

1. e4 c6 2. Nc3 d5 3. Nf3 dxe4 4. Nxe4 Nf6 5. Qe2 Bf5 6. Nxf6+ gxf6 7. d4
e6 8. g3 Qd5 9. Bg2 Qe4 10. Qxe4 Bxe4 11. c3 Nd7 12. Nh4 Bd5 13. b3 a5 14.
c4 Bxg2 15. Nxg2 Bb4+ 16. Bd2 c5 17. dxc5 Bxd2+ 18. Kxd2 Nxc5 19. Kc2 Ke7
20. Rhe1 Rhc8 21. Nf4 Kd6 22. Nd3 b5 23. Nxc5 Rxc5 24. Rad1+ Kc6 25. Re4
Rc8 26. Kc3 Rc7 27. Rh4 Rf5 28. Rd2 Rf3+ 29. Kb2 bxc4 30. Rxc4+ Kb6 31. Rh4
Rc5 32. Rxh7 Rd5 33. Rc2 Rc5 34. Rd2 Rd5 35. Rc2 Rc5 1/2-1/2